 Dungeon Crawl Stone Soup version 0.23-a0-839-g6d2b917 (console) character file.

74 Duffy the Chopper (level 4, 6/42 HPs)
             Began as a Naga Fighter on Jan 25, 2019.
             Quit the game on level 4 of the Dungeon.
             The game lasted 00:00:47 (873 turns).

Duffy the Chopper (Naga Fighter)                     Turns: 873, Time: 00:00:48

Health: 6/42       AC:  4    Str: 18    XL:     4   Next: 30%
Magic:  4/4        EV:  5    Int:  9    God:
Gold:   18         SH:  9    Dex: 11    Spells: 3/3 levels left

rFire    . . .     SeeInvis +   a - +0 war axe
rCold    . . .     Gourm    .   c - +0 shield
rNeg     . . .     Faith    .   b - +0 scale mail
rPois    +         Spirit   .   (no helmet)
rElec    .         Reflect  .   (no cloak)
rCorr    .         Harm     .   (no gloves)
MR       .....                  (no barding)
Stlth    ..........             (no amulet)
HPRegen  0.14/turn              (no ring)
MPRegen  0.09/turn              (no ring)

@: lethally poisoned (6 -> -2), short of breath, flying, very slow
A: large, see invisible, deformed body, poison resistance, slowness 2, slow
metabolism 1, spit poison 1, AC +1
a: Spit Poison


You were on level 4 of the Dungeon.
You were not hungry.

You visited 1 branch of the dungeon, and saw 4 of its levels.

You collected 18 gold pieces.

Inventory:

Hand Weapons
 a - a +0 war axe (weapon)
Armour
 b - a +0 scale mail (worn)
 c - a +0 shield (worn)
Scrolls
 d - a scroll of identify {unknown}
 e - a scroll of teleportation {unknown}
Comestibles
 f - 2 rations


   Skills:
 - Level 3.0 Fighting
 + Level 3.4 Axes
 - Level 2.4 Armour
 + Level 3.3 Shields


You had 3 spell levels left.
You didn't know any spells.
Your spell library was empty.

Dungeon Overview and Level Annotations

Branches:
Dungeon (4/15)
 Temple: D:4-7

Altars:
Wu Jian


Innate Abilities, Weirdness & Mutations

You cannot wear boots.
Your serpentine skin is tough. (AC +1)
You have supernaturally acute eyesight. (SInv)
Armour fits poorly on your strangely shaped body.
Your system is resistant to poisons. (rPois)
You cover ground very slowly.
You have a slow metabolism.
You can spit poison.


Message History

The worker ant is severely wounded.
You have got your breath back.
You feel sick.
The worker ant looks more healthy.
The worker ant bites you.
You are lethally poisoned!
The worker ant poisons you! The worker ant bites you.
Press: ? - help, Shift-Dir - straight line, f/p - worker ant
Aim: a worker ant (almost dead)
The splash of poison misses the worker ant.
You feel slightly more hungry.
The worker ant bites you but does no damage.
You hit the worker ant.
You kill the worker ant!
You have reached level 4!
You feel agile.
You feel sick.
It was a potion of flight.
You feel very buoyant.
You fly up into the air.
There is a lethal amount of poison in your body!
Are you sure you want to abandon this character and quit the game? (Confirm with "yes".)

#+ #. #. ._ # ## .# ##
.# ##.#######.# #.#
#.....%@...# #.#
#..####...###### #.#
#.(###...## #.#
#..###....###.#
#.......#..##.#
##.####.....##.#
........#.#.##.#####
#.....(............<..
######################


There were no monsters in sight!

Vanquished Creatures
  A worker ant (D:4)
  3 gnolls (D:2)
  An adder (D:3)
  A dart slug (D:2)
  2 goblins (D:1)
  A hobgoblin (D:1)
  A bat (D:2)
  2 frilled lizards
  3 kobolds
  2 rats
17 creatures vanquished.

Notes
Turn   | Place    | Note
-------+----------+-------------------------------------------
     0 | D:1      | Duffy the Naga Fighter began the quest for the Orb.
     0 | D:1      | Reached XP level 1. HP: 21/21 MP: 1/1
   180 | D:2      | Reached XP level 2. HP: 12/28 MP: 2/2
   182 | D:2      | Reached XP level 3. HP: 15/34 MP: 3/3
   861 | D:4      | Found an ornate altar of the Wu Jian Council.
   871 | D:4      | Reached XP level 4. HP: 7/42 MP: 4/4
   873 | D:4      | Quit the game

Vault maps used:
D:1:      co_arrival_random_square_maze, st_stairs_9, serial_park_tiny_pond,
          minivault_19
D:2:      chequers_ecumenical_altar_simple_redux, first_ration
D:3:      minmay_liquid_box, lemuel_tele_altar
D:4:      lemuel_doored_altar, minmay_tree_intersection, uniq_purgy,
          uniq_menkaure

Skill      XL: |  1  2  3 |
---------------+----------+-----
Shields        | 3 |  3.3
Axes           | 3 |  3.4
Fighting       | |  3.0
Armour         | |  2.4

Action                   |  1- 3 |  4- 6 || total
-------------------------+-------+-------++-------
Melee: War axe           |    54 |       ||    54
 Abil: Spit Poison       |     5 |       ||     5
  Use: Potion            |     1 |     1 ||     2
Armor: Scale mail        |    19 |       ||    19
Dodge: Dodged            |    16 |       ||    16
Block: Shield            |    32 |       ||    32

Table legend:
 A = Non-vault XP
 B = Vault XP
 C = Vault XP percentage of total XP
 D = Non-vault monster count
 E = Vault monster count
 F = Vault count percentage of total count
                 A         B        C        D         E       F
            +---------+---------+-------+---------+---------+-------
      Total |     104 |       3 |   2.8 |      15 |       2 |  11.8
            +---------+---------+-------+---------+---------+-------
        D:1 |       4 |       3 |  42.9 |       2 |       2 |  50.0
        D:2 |      50 |       0 |   0.0 |       7 |       0 |   0.0
        D:3 |      17 |       0 |   0.0 |       5 |       0 |   0.0
        D:4 |      33 |       0 |   0.0 |       1 |       0 |   0.0
            +---------+---------+-------+---------+---------+-------
